TOP OF THE 1ST |
Pocatello Boccabellas batting - Pitching for Seattle Pikes : LHP David Hill
|
Pitching: LHP David Hill
|
|
Batting: RHB Tomás Carranza
|
0-0: Called Strike 0-1: Ball 1-1: Ground out 3-1 (Groundball, 34S)
|
Batting: RHB Francisco Sandoval
|
0-0: Called Strike 0-1: Ball 1-1: Foul Ball, location: 2F 1-2: Ball 2-2: Ground out 6-3 (Groundball, 6S)
|
Batting: RHB Jeremy Carr
|
0-0: Foul Ball, location: 2F 0-1: Fly out, F7 (Flyball, 7)
|
Top of the 1st over - 0 run(s), 0 hit(s), 0 error(s), 0 left on base; Pocatello 0 - Seattle 0 |
BOTTOM OF THE 1ST |
Seattle Pikes batting - Pitching for Pocatello Boccabellas : RHP Jesús De Los Santos
|
Pitching: RHP Jesús De Los Santos
|
|
Batting: RHB Wallace Greene
|
0-0: Ball 1-0: Ground out 6-3 (Groundball, 6)
|
Batting: RHB Arnold Harmon
|
0-0: SINGLE (Line Drive, 7LS)
|
Batting: RHB Pete Rideout
|
0-0: Ball 1-0: Fielders Choice at 2nd, 6-4 (Groundball, 6)
|
Batting: RHB Iván Gonzáles
|
0-0: Ball Pete Rideout steals 2nd base 1-0: Ball 2-0: Ball 3-0: Called Strike 3-1: Called Strike 3-2: Strikes out swinging
|
Bottom of the 1st over - 0 run(s), 1 hit(s), 0 error(s), 1 left on base; Pocatello 0 - Seattle 0 |
TOP OF THE 2ND |
Pocatello Boccabellas batting - Pitching for Seattle Pikes : LHP David Hill
|
Batting: RHB Marlon Phipps
|
0-0: Ball 1-0: Foul Ball, location: 2F 1-1: Called Strike 1-2: Ball 2-2: Ball 3-2: Foul Ball, location: 2F 3-2: Foul Ball, location: 2F 3-2: SINGLE (Line Drive, 6MD)
|
Batting: RHB Ernesto Acosta
|
0-0: Ball 1-0: Ball 2-0: Foul Ball, location: 2F 2-1: Fly out, F5 (Line Drive, 56)
|
Batting: SHB Nick Cox
|
0-0: Ball 1-0: Called Strike 1-1: Swinging Strike 1-2: Ball 2-2: Ball 3-2: Strikes out looking
|
Batting: RHB José Delgado
|
0-0: Ball 1-0: Fly out, F9 (Flyball, 9LS)
|
Top of the 2nd over - 0 run(s), 1 hit(s), 0 error(s), 1 left on base; Pocatello 0 - Seattle 0 |
BOTTOM OF THE 2ND |
Seattle Pikes batting - Pitching for Pocatello Boccabellas : RHP Jesús De Los Santos
|
Batting: RHB Bill Mark
|
0-0: Ball 1-0: Foul Ball, location: 2F 1-1: Ball 2-1: Ball 3-1: Foul Ball, location: 2F 3-2: Fly out, F7 (Line Drive, 78M)
|
Batting: RHB Manuel Rico
|
0-0: Called Strike 0-1: Foul Ball, location: 2F 0-2: Foul Ball, location: 2F 0-2: Foul Ball, location: 2F 0-2: Fly out, F9 (Flyball, 9)
|
Batting: LHB Roberto Lozano
|
0-0: Foul Ball, location: 2F 0-1: Ground out 5-3 (Groundball, 56)
|
Bottom of the 2nd over - 0 run(s), 0 hit(s), 0 error(s), 0 left on base; Pocatello 0 - Seattle 0 |
TOP OF THE 3RD |
Pocatello Boccabellas batting - Pitching for Seattle Pikes : LHP David Hill
|
Batting: LHB Jim Jensen
|
0-0: Foul Ball, location: 2F 0-1: Ball 1-1: Ground out 4-3 (Groundball, 4M)
|
Batting: SHB Glenn Vadnais
|
0-0: Foul Ball, location: 2F 0-1: Foul Ball, location: 2F 0-2: SOLO HOME RUN (Flyball, 7LD), Distance : 340 ft
|
Batting: RHB Tomás Carranza
|
0-0: Ground out 4-3 (Groundball, 34)
|
Batting: RHB Francisco Sandoval
|
0-0: Called Strike 0-1: Ball 1-1: Ball 2-1: Foul Ball, location: 2F 2-2: Strikes out swinging
|
Top of the 3rd over - 1 run(s), 1 hit(s), 0 error(s), 0 left on base; Pocatello 1 - Seattle 0 |
BOTTOM OF THE 3RD |
Seattle Pikes batting - Pitching for Pocatello Boccabellas : RHP Jesús De Los Santos
|
Batting: RHB Henning Huisman
|
0-0: Swinging Strike 0-1: Foul Ball, location: 2F 0-2: Foul Ball, location: 2F 0-2: Fly out, F4 (Line Drive, 4)
|
Batting: LHB Richard Hunter
|
0-0: Ball 1-0: Ball 2-0: Foul Ball, location: 2F 2-1: Ball 3-1: Base on Balls
|
Batting: RHB Wallace Greene
|
0-0: Called Strike 0-1: Called Strike 0-2: Foul Ball, location: 2F 0-2: Ball 1-2: Ground out 5-3 (Groundball, 5S) Richard Hunter to second
|
Batting: RHB Arnold Harmon
|
0-0: Ball 1-0: Foul Ball, location: 2F 1-1: Ball 2-1: Foul Ball, location: 2F 2-2: DOUBLE (Flyball, 7D) Richard Hunter scores
|
Batting: RHB Pete Rideout
|
0-0: Ground out 6-3 (Groundball, 6MD)
|
Bottom of the 3rd over - 1 run(s), 1 hit(s), 0 error(s), 1 left on base; Pocatello 1 - Seattle 1 |
TOP OF THE 4TH |
Pocatello Boccabellas batting - Pitching for Seattle Pikes : LHP David Hill
|
Batting: RHB Jeremy Carr
|
0-0: Fly out, F6 (Popup, 56D)
|
Batting: RHB Marlon Phipps
|
0-0: Ball 1-0: Fly out, F9 (Flyball, 89D)
|
Batting: RHB Ernesto Acosta
|
0-0: Swinging Strike 0-1: Foul Ball, location: 2F 0-2: Ball 1-2: Foul Ball, location: 2F 1-2: Ball 2-2: Fly out, F6 (Popup, 6)
|
Top of the 4th over - 0 run(s), 0 hit(s), 0 error(s), 0 left on base; Pocatello 1 - Seattle 1 |
BOTTOM OF THE 4TH |
Seattle Pikes batting - Pitching for Pocatello Boccabellas : RHP Jesús De Los Santos
|
Batting: RHB Iván Gonzáles
|
0-0: Ball 1-0: Ball 2-0: Ball 3-0: Base on Balls
|
Batting: RHB Bill Mark
|
0-0: Called Strike 0-1: Ball 1-1: SINGLE (Groundball, 4MD) Iván Gonzáles to second
|
Batting: RHB Manuel Rico
|
0-0: Ball 1-0: Fielders Choice at 2nd, 6-4 (Groundball, 6) Iván Gonzáles to third
|
Batting: LHB Roberto Lozano
|
0-0: Called Strike Manuel Rico is caught stealing 2nd base 0-1: Ball 1-1: SINGLE (Groundball, 56D) Iván Gonzáles scores
|
Batting: RHB Henning Huisman
|
0-0: Called Strike 0-1: Foul Ball, location: 2F 0-2: Ball 1-2: Fielders Choice at 2nd, 4-6 (Groundball, 4)
|
Bottom of the 4th over - 1 run(s), 2 hit(s), 0 error(s), 0 left on base; Pocatello 1 - Seattle 2 |
TOP OF THE 5TH |
Pocatello Boccabellas batting - Pitching for Seattle Pikes : LHP David Hill
|
Pitching: RHP Francisco Carrasco
|
|
Batting: SHB Nick Cox
|
0-0: Ball 1-0: Foul Ball, location: 2F 1-1: Foul Ball, location: 2F 1-2: Ball 2-2: Ball 3-2: Fly out, F7 (Flyball, 78S)
|
Batting: RHB José Delgado
|
0-0: Called Strike 0-1: Swinging Strike 0-2: Strikes out swinging
|
Batting: LHB Jim Jensen
|
0-0: Called Strike 0-1: Ball 1-1: Ball 2-1: Foul Ball, location: 2F 2-2: Ground out 5-3 (Groundball, 56S)
|
Top of the 5th over - 0 run(s), 0 hit(s), 0 error(s), 0 left on base; Pocatello 1 - Seattle 2 |
BOTTOM OF THE 5TH |
Seattle Pikes batting - Pitching for Pocatello Boccabellas : RHP Jesús De Los Santos
|
Pitching: RHP Adrián Martínez
|
|
Batting: LHB Richard Hunter
|
0-0: Foul Ball, location: 2F 0-1: Ball 1-1: Ball 2-1: Ball 3-1: Ground out 4-3 (Groundball, 4)
|
Batting: RHB Wallace Greene
|
0-0: Called Strike 0-1: Ball 1-1: Foul Ball, location: 2F 1-2: Ball 2-2: Foul Ball, location: 2F 2-2: Foul Ball, location: 2F 2-2: Ground out 1-3 (Groundball, 13S)
|
Batting: RHB Arnold Harmon
|
0-0: SINGLE (Line Drive, 34D)
|
Batting: RHB Pete Rideout
|
0-0: SINGLE (Line Drive, 7S) Arnold Harmon to second
|
Batting: RHB Iván Gonzáles
|
0-0: SINGLE (Groundball, 4D) Arnold Harmon to third Pete Rideout to second Runner from 3rd tries for Home, SAFE, no throw
|
Batting: RHB Bill Mark
|
0-0: Ball 1-0: Ball Passed Ball! Pete Rideout to third Iván Gonzáles to second 2-0: Foul Ball, location: 2F 2-1: SINGLE (Groundball, 6D) Pete Rideout scores Iván Gonzáles to third Runner from 3rd tries for Home, SAFE, no throw
|
Pitching: LHP Halewijn Tipping
|
|
Batting: RHB Manuel Rico
|
0-0: Called Strike 0-1: Foul Ball, location: 2F 0-2: Fly out, F2 (Popup, 15S)
|
Bottom of the 5th over - 3 run(s), 4 hit(s), 0 error(s), 1 left on base; Pocatello 1 - Seattle 5 |
TOP OF THE 6TH |
Pocatello Boccabellas batting - Pitching for Seattle Pikes : RHP Francisco Carrasco
|
Batting: SHB Glenn Vadnais
|
0-0: Hit by Pitch
|
Batting: RHB Tomás Carranza
|
0-0: Ball 1-0: Ball 2-0: Swinging Strike 2-1: Foul Ball, location: 2F 2-2: Strikes out swinging
|
Batting: RHB Francisco Sandoval
|
0-0: Called Strike 0-1: Ball 1-1: Ball 2-1: Called Strike 2-2: Ball 3-2: Strikes out swinging
|
Batting: RHB Jeremy Carr
|
0-0: Ball 1-0: Ball 2-0: Called Strike 2-1: Foul Ball, location: 2F 2-2: Ball 3-2: SINGLE (Groundball, 4MD) Glenn Vadnais to second Glenn Vadnais to third
|
Batting: RHB Marlon Phipps
|
0-0: Called Strike 0-1: Called Strike 0-2: Foul Ball, location: 2F 0-2: Foul Ball, location: 2F 0-2: Strikes out swinging
|
Top of the 6th over - 0 run(s), 1 hit(s), 0 error(s), 2 left on base; Pocatello 1 - Seattle 5 |
BOTTOM OF THE 6TH |
Seattle Pikes batting - Pitching for Pocatello Boccabellas : LHP Halewijn Tipping
|
Batting: LHB Roberto Lozano
|
0-0: Called Strike 0-1: Ball 1-1: Ball 2-1: Called Strike 2-2: Ball 3-2: Foul Ball, location: 2F 3-2: Fly out, F7 (Line Drive, 7)
|
Batting: RHB Henning Huisman
|
0-0: Foul Ball, location: 2F 0-1: Ball 1-1: Ground out 6-3 (Groundball, 56)
|
Batting: LHB Richard Hunter
|
0-0: Called Strike 0-1: Ground out 4-3 (Groundball, 4)
|
Bottom of the 6th over - 0 run(s), 0 hit(s), 0 error(s), 0 left on base; Pocatello 1 - Seattle 5 |
TOP OF THE 7TH |
Pocatello Boccabellas batting - Pitching for Seattle Pikes : RHP Francisco Carrasco
|
Batting: RHB Ernesto Acosta
|
0-0: Ball 1-0: Fly out, F9 (Flyball, 9)
|
Batting: SHB Nick Cox
|
0-0: Ball 1-0: Called Strike 1-1: Ball 2-1: Ball 3-1: Called Strike 3-2: Ground out U3 (Groundball, 3)
|
Batting: RHB José Delgado
|
0-0: Called Strike 0-1: Called Strike 0-2: Ball 1-2: Ball 2-2: Foul Ball, location: 2F 2-2: Fly out, F8 (Flyball, 8RXD)
|
Top of the 7th over - 0 run(s), 0 hit(s), 0 error(s), 0 left on base; Pocatello 1 - Seattle 5 |
BOTTOM OF THE 7TH |
Seattle Pikes batting - Pitching for Pocatello Boccabellas : LHP Halewijn Tipping
|
Batting: RHB Wallace Greene
|
0-0: Fly out, F8 (Line Drive, 8LS)
|
Pinch Hitting: RHB Roberto Zamora
|
0-0: Ground out 5-3 (Groundball, 56S)
|
Pinch Hitting: RHB Murai Ishihara
|
0-0: Ball 1-0: Called Strike 1-1: Fly out, F6 (Line Drive, 6)
|
Bottom of the 7th over - 0 run(s), 0 hit(s), 0 error(s), 0 left on base; Pocatello 1 - Seattle 5 |
TOP OF THE 8TH |
Pocatello Boccabellas batting - Pitching for Seattle Pikes : RHP Francisco Carrasco
|
Pitching: RHP Orlando Ojeda
|
|
Now at 1B: Eduardo Gómez
|
|
Now at 2B: Roberto Zamora
|
|
Batting: LHB Jim Jensen
|
0-0: Ball 1-0: Ball 2-0: Ball 3-0: Called Strike 3-1: Foul Ball, location: 2F 3-2: Base on Balls
|
Batting: SHB Glenn Vadnais
|
0-0: Swinging Strike 0-1: Ball 1-1: Ball 2-1: 2-RUN HOME RUN (Flyball, 8RXD), Distance : 445 ft
|
Pitching: RHP Ernesto Beltrán
|
|
Pinch Hitting: LHB Ray Bryant
|
0-0: Ball 1-0: Swinging Strike 1-1: Called Strike 1-2: Ball 2-2: Strikes out swinging
|
Pinch Hitting: RHB Orlando Bruno
|
0-0: Ball 1-0: Ball 2-0: Fly out, F9 (Flyball, 9LM)
|
Pinch Hitting: LHB Héctor Rentería
|
0-0: Ball 1-0: Swinging Strike 1-1: Swinging Strike 1-2: Ball 2-2: Foul Ball, location: 2F 2-2: Fly out, F9 (Flyball, 9D)
|
Top of the 8th over - 2 run(s), 1 hit(s), 0 error(s), 0 left on base; Pocatello 3 - Seattle 5 |
BOTTOM OF THE 8TH |
Seattle Pikes batting - Pitching for Pocatello Boccabellas : LHP Halewijn Tipping
|
Now at 1B: Ray Bryant
|
|
Now at 3B: Orlando Bruno
|
|
Now in CF: Héctor Rentería
|
|
Pinch Hitting: SHB António Hernández
|
0-0: Ball 1-0: Ground out 4-3 (Groundball, 4)
|
Pinch Hitting: RHB Hamilton Holbrook
|
0-0: Ball 1-0: Called Strike 1-1: Foul Ball, location: 2F 1-2: Ball 2-2: Strikes out swinging
|
Pinch Hitting: RHB Claudio Souza
|
0-0: Called Strike 0-1: Ball 1-1: SINGLE (Groundball, 34D)
|
Pinch Hitting: RHB Robinson Pacheco
|
0-0: Ball 1-0: Ball 2-0: Ball 3-0: Called Strike 3-1: Called Strike 3-2: Strikes out looking
|
Bottom of the 8th over - 0 run(s), 1 hit(s), 0 error(s), 1 left on base; Pocatello 3 - Seattle 5 |
TOP OF THE 9TH |
Pocatello Boccabellas batting - Pitching for Seattle Pikes : RHP Ernesto Beltrán
|
Pitching: LHP Cristián Escobar
|
|
Now at 2B: António Hernández
|
|
Now at 3B: Claudio Souza
|
|
Now in RF: Hamilton Holbrook
|
|
Batting: RHB Enrico Rodríguez
|
0-0: Called Strike
|
Now at SS: Robinson Pacheco
|
0-1: Ball 1-1: Foul Ball, location: 2F 1-2: Foul Ball, location: 2F 1-2: Ball 2-2: Ball 3-2: SINGLE (Line Drive, 56D)
|
Pinch Hitting: RHB Robert Marks
|
0-0: Ball 1-0: Fly out, F2 (Popup, 2L)
|
Batting: SHB Nick Cox
|
0-0: Ball 1-0: Ball 2-0: Swinging Strike 2-1: Swinging Strike 2-2: Strikes out looking
|
Pinch Hitting: RHB Tony Hernández
|
0-0: Ball 1-0: Called Strike 1-1: Called Strike 1-2: Foul Ball, location: 2F 1-2: DOUBLE (Flyball, 78D) Enrico Rodríguez to third
|
Pinch Hitting: RHB Leonard Harris
|
0-0: Ball 1-0: Ball 2-0: Swinging Strike 2-1: Foul Ball, location: 2F 2-2: Ball 3-2: Foul Ball, location: 2F 3-2: Strikes out swinging
|
Top of the 9th over - 0 run(s), 2 hit(s), 0 error(s), 2 left on base; Pocatello 3 - Seattle 5 |
|